 Seeded DCSS version 0.27-a0-965-gbf8bb431c4 (webtiles) character file.

Game seed: 13435453013147752700 (custom seed)

459 wilfster70 the Magician (level 7, -4/50 HPs)
             Began as a Djinni Fire Elementalist on Apr 12, 2021.
             Slain by Eustachio
             ... wielding a +0 rapier of electrocution
              (18 damage)
             ... on level 4 of the Dungeon.
             The game lasted 00:11:34 (5470 turns).

wilfster70 the Magician (Djinni Fire Elementalist)  Turns: 5470, Time: 00:11:35

Health: -4/50      AC:  3    Str:  7    XL:     7   Next: 6%
Gold:   229        EV: 13    Int: 18    God:
                   SH:  0    Dex: 14

rFire    + + +     SeeInvis .   a - +0 spear
rCold    . . .     Faith    .   (no shield)
rNeg     . . .     Spirit   .   f - +0 robe
rPois    ∞         Reflect  .   q - +0 helmet
rElec    .         Harm     .   h - scarf {rC+ rF+}
rCorr    .         Rampage  .   (no gloves)
Will     .....                  (boots unavailable)
Stlth    ++........             (no amulet)
HPRegen  0.16/turn              (no ring)
MPRegen  0.00/turn              (no ring)

@: flying
A: fire resistance 2, cold vulnerability 1, float, innate caster, hp casting,
extra vitality 1
a: no special abilities


You were on level 4 of the Dungeon.
You visited 1 branch of the dungeon, and saw 4 of its levels.

You collected 229 gold pieces.

Inventory:

Hand Weapons
 a - a +0 spear (weapon)
Armour
 f - a +0 robe (worn)
 h - a scarf of resistance (worn)
 q - a +0 helmet (worn)
Scrolls
 e - a scroll of teleportation {unknown}
 i - a scroll of identify {unknown}
 k - a scroll of blinking {unknown}
 m - a scroll of enchant armour {unknown}
 n - 2 scrolls of amnesia {unknown}
 o - a scroll of magic mapping {unknown}
 p - a scroll of enchant weapon {unknown}
Potions
 b - a potion of invisibility {unknown}
 c - a potion of degeneration {unknown}
 d - a potion of lignification {unknown}
 g - a potion of magic {unknown}
 j - a potion of cancellation {unknown}
 l - a potion of berserk rage {unknown}


   Skills:
 + Level 3.5 Fighting
 - Level 2.3 Armour
 - Level 3.0 Dodging
 - Level 1.5 Stealth
 * Level 4.9 Spellcasting


You couldn't memorise any spells.
You knew the following spells:

 Your Spells              Type           Power      Damage    Failure   Level
a - Foxfire               Conj/Fire      88%        2x1d8     1%          1
b - Conjure Flame         Conj/Fire      22%        6-21      5%          3
c - Inner Flame           Hex/Fire       22%        N/A       5%          3
d - Sticky Flame          Conj/Fire      22%        2d4       17%         4
e - Fireball              Conj/Fire      11%        3d7       43%         5
f - Apportation           Tloc           44%        N/A       1%          1
g - Swiftness             Air            22%        N/A       2%          2
h - Summon Guardian Gole  Hex/Summ       22%        N/A       5%          3
Your spell library was empty.

Dungeon Overview and Level Annotations

Branches:
Dungeon (4/15)
 Temple: D:4-7

Altars:

Annotations:
D:4 Eustachio


Innate Abilities, Weirdness & Mutations

You are immune to poison.
Your flesh is very heat resistant. (rF++)
You are vulnerable to cold. (rC-)
You float through the air rather than walking.
You learn spells naturally, not from books.
Your magical power is your life essence.
You have superior vitality. (+4 HP)


Message History

You fly downwards.
Level annotation: Eustachio
There is a stone staircase leading up here.
Casting: Sticky Flame (quite dangerous; 17% risk of failure)
Confirm with . or Enter, or press ? or * to list all spells.
You conjure some foxfire!
The endoplasm freezes you.
You are frozen.
Eustachio mumbles some strange words.
Eustachio blinks!
The foxfire hits the endoplasm.
You kill the endoplasm!
The foxfire hits Eustachio.
Eustachio is lightly wounded.
Eustachio mumbles some strange words.
Casting: Foxfire (safe; 1% risk of failure)
Confirm with . or Enter, or press ? or * to list all spells.
You conjure some foxfire!
The foxfire hits Eustachio!
Eustachio is moderately wounded.
The foxfire hits Eustachio.
Eustachio is heavily wounded.
The bat closely misses you.
Casting: Foxfire (safe; 1% risk of failure)
Confirm with . or Enter, or press ? or * to list all spells.
You conjure some foxfire!
The bat misses you.
Eustachio hits you with a +0 rapier of electrocution!
You are electrocuted!
The foxfire hits Eustachio.
Eustachio is heavily wounded.
The foxfire hits the bat.
The bat is severely wounded.
The bat misses you.
Eustachio hits you with a +0 rapier of electrocution.
Casting: Foxfire (safe; 1% risk of failure)
Confirm with . or Enter, or press ? or * to list all spells.
You conjure some foxfire!
The bat hits you but does no damage.
Eustachio hits you with a +0 rapier of electrocution!
* * * LOW HITPOINT WARNING * * *
You are electrocuted!!
You die...

##...## ##.....## ##....))$##
#.........## ####
############.......)..#....#
.....)..............).##.#.#
#####.####.#....b..(#.#....####
#....#.#.#.v...##.#.......
######.#.....@@v###.#.....#
#......#.#.###### #J#....##
#)######...# #5#####.. #.#
..### #.@55.# #.# #.## #####(#
##.# #.# #..# . #J# # #.## ...
#.##.# #.### .....##†@..#


You could see Eustachio (ally target) and a bat (summoned).

Vanquished Creatures
  A necrophage (D:4)
  An ogre (D:4)
  A bullfrog (D:3)
  A hound (D:4)
  An iguana (D:3)
  A hound skeleton (D:4)
  Robin (D:4)
  4 adders
  An ufetubus (D:4)
  An adder skeleton (D:4)
  3 worms
  A dart slug (D:2)
  3 orcs
  11 endoplasms
  2 giant cockroaches
  16 goblins
  9 hobgoblins
  5 jackals (D:1)
  A quokka (D:1)
  5 ball pythons
  4 bats (D:1)
  2 frilled lizards
  8 kobolds
  4 rats
87 creatures vanquished.

Vanquished Creatures (others)
  240 foxfires
240 creatures vanquished.

Grand Total: 327 creatures vanquished

Notes
Turn   | Place    | Note
-------+----------+-------------------------------------------
     0 | D:1      | wilfster70 the Djinni Fire Elementalist began the quest for
                  | the Orb.
     0 | D:1      | Reached XP level 1. HP: 15/15 MP: 0/0
   218 | D:1      | Reached XP level 2. HP: 18/22 MP: 0/0
   407 | D:1      | Reached skill level 1 in Armour
   513 | D:1      | Reached skill level 1 in Fighting
   706 | D:1      | Reached XP level 3. HP: 18/27 MP: 0/0
   706 | D:1      | Learned a level 1 spell: Apportation
   986 | D:1      | Reached skill level 3 in Spellcasting
  1089 | D:1      | Found a faded altar of an unknown god.
  2046 | D:2      | Reached XP level 4. HP: 24/33 MP: 0/0
  2770 | D:3      | Noticed a bullfrog
  2779 | D:3      | Killed a bullfrog
  2780 | D:3      | Reached XP level 5. HP: 9/38 MP: 0/0
  2780 | D:3      | Learned a level 2 spell: Swiftness
  4146 | D:4      | Noticed a necrophage
  4184 | D:4      | Killed a necrophage
  4185 | D:4      | Reached skill level 4 in Spellcasting
  4185 | D:4      | Reached XP level 6. HP: 22/46 MP: 0/0
  4888 | D:4      | Noticed Robin
  4918 | D:4      | Killed Robin
  5159 | D:4      | Noticed Eustachio
  5163 | D:4      | Reached XP level 7. HP: 42/50 MP: 0/0
  5163 | D:4      | Learned a level 3 spell: Summon Guardian Golem
  5470 | D:4      | Slain by Eustachio

Illustrated notes

Levels and vault maps discovered:
D:1:      giann_bridges, layout_loops_ring, basic_ecumenical_altar, st_stairs_4
D:2:      minmay_recursive_quarters, layout_basic
D:3:      layout_rooms
D:4:      layout_loops_cross, serial_co_window_serial,
          co_window_of_opportunity_a, co_window_paths_a, co_window_corner_a,
          co_window_paths_a, co_window_paths_b, co_window_of_opportunity_a,
          co_window_corner_a, co_window_broadway_a, co_window_paths_c,
          co_window_broadway_b, co_window_corner_b, co_window_unsneaky_path_c,
          co_window_paths_d, glass_columns_a, glass_columns_a, glass_columns_a,
          glass_columns_a, glass_columns_b, minmay_distorted, uniq_grinder,
          uniq_eustachio, uniq_robin, uniq_edmund

Skill      XL: |  1  2  3  4  5 |
---------------+----------------+-----
Armour         | 1 2 |  2.3
Fighting       | 1 2 3 |  3.5
Spellcasting   | 3 4 |  4.9
Dodging        | 3 |  3.0
Stealth        | |  1.5

Action                   |  1- 3 |  4- 6 |  7- 9 || total
-------------------------+-------+-------+-------++-------
Melee: Spear             |       |    50 |       ||    50
 Cast: Foxfire           |    57 |    82 |     4 ||   143
       Conjure Flame     |       |     1 |       ||     1
       Sticky Flame      |       |     2 |       ||     2
Armor: Robe              |     5 |    17 |     2 ||    24
Dodge: Dodged            |    13 |    84 |     3 ||   100

Table legend: (Time is in decaauts)
 A = Elapsed time spent in this place.
 B = Non-inter-level travel time spent in this place.
 C = Inter-level travel time spent in this place.
 D = Time resting spent in this place.
 E = Time spent auto-exploring this place.
 F = Levels seen in this place.
 G = Mean time per level.
                   A        B        C        D        E       F      G
               +--------+--------+--------+--------+--------+-----+--------+
         Total |   5478 |   5339 |    139 |   2678 |   1294 |   4 | 1369.5 |
       Dungeon |   5478 |   5339 |    139 |   2678 |   1294 |   4 | 1369.5 |
               +--------+--------+--------+--------+--------+-----+--------+

Top non-repeatable levels by time:
     D:3: 1818 daAuts
     D:1: 1324 daAuts
     D:2: 1205 daAuts
     D:4: 1131 daAuts
